AoeStats
← fROG

MegaRandom

505975771Analyzed
1v1 RM · 19d ago on Sep 11, 2026· 38m 8s· 2 players
Game mode
Random Map
Map size
Tiny (2 player)
Population
200
Speed
Normal
Resources
Standard
Victory
Conquest
Starting age
Dark Age
Ending age
Imperial Age
RankedLock teamsTeams togetherTeam positionsShared explorationLock speedFull tech treeHidden civsTurbo modeCheats
Victory
Defeat
🇨🇴 Khmer · Colombia
499
+17
🇧🇷 Vietnamese · Brazil
510
-29
Pedrup Mesa
0:37 Loom
15:51 Feudal Age
17:52 Wheelbarrow
17:08 Double-Bit Axe
17:10 Horse Collar
17:24 Gold Mining
17:28 Stone Mining
23:05 Castle Age
24:05 Hand Cart
24:09 Bow Saw
24:03 Heavy Plow
25:08 Gold Shaft Mining
25:50 Stone Shaft Mining
31:48 Imperial Age
fROG
14:56 Feudal Age
16:26 Double-Bit Axe
16:35 Gold Mining
16:30 Horse Collar
18:21 Fishing Lines
27:31 Castle Age
29:03 Crossbowman
30:40 Bow Saw
30:25 Stone Mining
35:14 Wheelbarrow
34:25 Town Watch
34:27 Loom
35:42 Thumb Ring
36:38 Stone Shaft Mining
Connection lost

Rejoining the realm…

Still unreachable

The connection could not be restored.

Session expired

The server has moved on; the page needs a fresh start.